 Dungeon Sprint DCSS version 0.22-a0-874-g9cf2c4c (webtiles) character file.

539 Brynnhild the Carver (level 7, 27/69 HPs)
             Began as a Black Draconian Monk on July 28, 2018.
             Was an Elder of Cheibriados.
             Quit the game in the Dungeon (Sprint IX: "|||||||||||||||||||||||||||||").
             The game lasted 00:01:30 (280 turns).

Brynnhild the Carver (Black Draconian Monk)          Turns: 280, Time: 00:01:30

Health: 27/69      AC: 10    Str: 22    XL:     7   Next: 5%
Magic:  7/10       EV: 19    Int: 19    God:    Cheibriados [****..]
Gold:   0          SH:  0    Dex: 28    Spells: 6/6 levels left

rFire    . . .     SeeInvis .   m - +2 scimitar (holy)
rCold    . . .     Gourm    .   (no shield)
rNeg     . . .     Faith    .   (armour unavailable)
rPois    .         Spirit   .   (helmet restricted)
rElec    +         Reflect  .   n - +0 cloak
rCorr    .         Harm     .   l - +0 pair of gloves
MR       .....     NoTele   +   (no boots)
Stlth    +++.......             (no amulet)
HPRegen  0.21/turn              p - +3 ring of dexterity
MPRegen  0.12/turn              o - +2 ring of protection

@: short of breath, very slow
A: breathe lightning, unfitting armour, electricity resistance, cold-blooded, AC
+6
a: Breathe Lightning, Bend Time, Temporal Distortion, Slouch, Renounce Religion


You were in the Dungeon.
You worshipped Cheibriados.
Cheibriados was greatly pleased with you.
You were not hungry.

You visited 1 branch

Inventory:

Hand Weapons
 a - a +0 falchion
 m - a +2 scimitar of holy wrath (weapon)
Armour
 l - a +0 pair of gloves (worn)
 n - a +0 cloak (worn)
Jewellery
 o - a +2 ring of protection (right hand)
 p - a +3 ring of dexterity (left hand)
Wands
 k - a wand of acid (7)
Scrolls
 h - 2 scrolls of blinking
 i - 3 scrolls of remove curse
 j - 2 scrolls of amnesia
Potions
 c - 5 potions of curing
 d - 3 potions of heal wounds
 e - a potion of haste
 f - 4 potions of magic
 g - a potion of invisibility
Comestibles
 b - a ration


   Skills:
 + Level 8.4 Fighting
 * Level 11.2 Long Blades
 + Level 6.6 Dodging
 - Level 1.7 Stealth
 * Level 4.1 Invocations


You had 6 spell levels left.
You didn't know any spells.
Your spell library was empty.

Dungeon Overview and Level Annotations

Branches:
Dungeon (1/1)

Altars:
Cheibriados
Dithmenos
Elyvilon
Fedhas
Gozag
Hepliaklqana
Kikubaaqudgha
Makhleb
Nemelex Xobeh
Okawaru
Qazlal
Ru
Sif Muna
Trog
Uskayaw
Vehumet
Wu Jian
Xom
Yredelemnul
Zin
The Shining One
Beogh
Jiyva
Lugonu


Innate Abilities, Weirdness & Mutations

You can breathe wild blasts of lightning.
Your glossy black scales are hard. (AC +6)
You cannot fit into any form of body armour.
You are resistant to electric shocks. (rElec)
You are cold-blooded and may be slowed by cold attacks.


Message History

The bolt of lightning misses you. x2; The orb of electricity explodes!
You feel somewhat more hungry.
You hear a shout! x2
Unknown command.
Unknown command.
Unknown command.
Unknown command.
You closely miss the orc. The orc completely misses you.
You slash the orc!
You kill the orc!
Cheibriados appreciates the change of pace.
You can now inflict damage on those overly hasty.
Cheibriados raises the support of your attributes as your movement slows.
Things that are here:
a club; a chain mail; a sky beast corpse Quiver which item? (- for none, * to show all) (? for menu, Esc to quit)
You don't have any such object.
Quiver which item? (- for none, * to show all) (? for menu, Esc to quit)
Okay, then.
Are you sure you want to abandon this character and quit the game? (Confirm with "yes".)

▓+▓
▓.▓
▓.▓
▓.▓
▓.▓
▓@▓
▓[▓
▓'▓
▓.▓
▓.▓
▓[▓
▓.▓
▓.▓
▓)▓


There were no monsters in sight!

Vanquished Creatures
  2 sky beasts (D)
  A centaur (D)
  A crocodile (D)
  An ogre (D)
  A scorpion (D)
  An orc wizard (D)
  An iguana (D)
  An ooze (D)
  2 leopard geckos (D)
  2 orcs (D)
  A giant cockroach (D)
  A hobgoblin (D)
  A kobold (D)
16 creatures vanquished.

Notes
Turn   | Place    | Note
-------+----------+-------------------------------------------
     0 | D        | Brynnhild the Draconian Monk began the quest for the Orb.
     0 | D        | Reached XP level 1. HP: 19/19 MP: 1/1
    13 | D        | Reached skill level 4 in Long Blades
    68 | D        | Noticed an iguana
    68 | D        | Noticed an orc wizard
    68 | D        | Noticed an ogre
    68 | D        | Noticed a scorpion
    72 | D        | Killed a scorpion
    72 | D        | Reached skill level 5 in Fighting
    72 | D        | Reached skill level 6 in Long Blades
    72 | D        | Reached XP level 2. HP: 29/29 MP: 2/2
    72 | D        | Reached XP level 3. HP: 36/36 MP: 3/3
    75 | D        | Killed an ogre
    75 | D        | Reached skill level 8 in Long Blades
    75 | D        | Reached XP level 4. HP: 33/44 MP: 4/4
    78 | D        | Reached skill level 5 in Dodging
    78 | D        | Reached XP level 5. HP: 38/51 MP: 5/5
    84 | D        | Reached skill level 9 in Long Blades
    89 | D        | Found a roughly hewn altar of Beogh.
    89 | D        | Found a snail-covered altar of Cheibriados.
    89 | D        | Found a shadowy altar of Dithmenos.
    89 | D        | Found a white marble altar of Elyvilon.
    89 | D        | Found a blossoming altar of Fedhas.
    89 | D        | Found an opulent altar of Gozag.
    90 | D        | Found a hazy altar of Hepliaklqana.
    91 | D        | Found a viscous altar of Jiyva.
    92 | D        | Found an ancient bone altar of Kikubaaqudgha.
    93 | D        | Became a worshipper of Cheibriados the Contemplative
    93 | D        | Reached * piety under Cheibriados
    93 | D        | Reached ** piety under Cheibriados
    94 | D        | Found a corrupted altar of Lugonu.
    95 | D        | Found a burning altar of Makhleb.
    96 | D        | Found a sparkling altar of Nemelex Xobeh.
    97 | D        | Found an iron altar of Okawaru.
    98 | D        | Found a stormy altar of Qazlal.
    99 | D        | Found a sacrificial altar of Ru.
   100 | D        | Found a deep blue altar of Sif Muna.
   101 | D        | Found a bloodstained altar of Trog.
   102 | D        | Found a hide-covered altar of Uskayaw.
   103 | D        | Found a radiant altar of Vehumet.
   104 | D        | Found an ornate altar of the Wu Jian Council.
   105 | D        | Found a shimmering altar of Xom.
   106 | D        | Found a basalt altar of Yredelemnul.
   107 | D        | Found a glowing silver altar of Zin.
   108 | D        | Found a glowing golden altar of the Shining One.
   258 | D        | Noticed a sky beast
   258 | D        | Noticed a sky beast
   258 | D        | Noticed a centaur
   258 | D        | Noticed a crocodile
   261 | D        | Killed a crocodile
   261 | D        | Reached skill level 1 in Invocations
   261 | D        | Reached XP level 6. HP: 59/60 MP: 5/7
   261 | D        | Reached *** piety under Cheibriados
   261 | D        | Reached skill level 10 in Long Blades
   265 | D        | Killed a sky beast
   275 | D        | Killed a sky beast
   275 | D        | Reached skill level 11 in Long Blades
   275 | D        | Your scales start taking on a glossy black colour.
   275 | D        | Reached XP level 7. HP: 26/69 MP: 6/10
   275 | D        | Gained mutation: You are resistant to electric shocks. (rElec) [Black Draconian growth]
   278 | D        | Reached **** piety under Cheibriados
   280 | D        | Quit the game

Vault maps used:
D:        linesprint

Skill      XL: |  1  2  3  4  5  6 |
---------------+-------------------+-----
Dodging        | 4 5 6 |  6.6
Long Blades    | 6 8 9 11 | 11.2
Fighting       | 5 6 7 8 |  8.4
Invocations    | 1 4 |  4.1
Stealth        | |  1.7

Action                   |  1- 3 |  4- 6 |  7- 9 || total
-------------------------+-------+-------+-------++-------
Melee: Falchion          |    15 |     7 |       ||    22
       Tailslap          |     6 |     6 |       ||    12
       Scimitar          |       |    12 |     2 ||    14
 Abil: Breathe Lightning |       |       |     1 ||     1
Evoke: Wand              |       |     3 |       ||     3
  Use: Potion            |     1 |       |       ||     1
 Stab: Distracted        |     1 |       |       ||     1
       Sleeping          |     1 |       |       ||     1
Armor: Skin              |     1 |     4 |     1 ||     6
Dodge: Dodged            |     6 |     7 |     4 ||    17
       Rpst.: Falchion   |     3 |       |       ||     3

Table legend:
 A = Spawn XP
 B = Non-spawn XP
 C = Spawn XP percentage of total XP
 D = Spawn monster count
 E = Non-spawn monster count
 F = Spawn count percentage of total count
 G = Total turns spent on level
                    A         B        C        D         E        F      G
               +---------+---------+-------+---------+---------+-------+---------
         Total |       0 |     770 |   0.0 |       0 |      16 |   0.0 |   280
               +---------+---------+-------+---------+---------+-------+---------
             D |       0 |     770 |   0.0 |       0 |      16 |   0.0 |   280
               +---------+---------+-------+---------+---------+-------+---------
